 Dungeon Crawl Stone Soup version 0.31-b1-22-gc680215f68 (webtiles) character file.

Game seed: 13561671519146378559

119 PaiMei the Grave Robber (level 4, -1/33 HPs)
             Began as a Demonspawn Necromancer on Jan 18, 2024.
             Incinerated by a bombardier beetle (4 damage)
             ... with a burning spray
             ... on level 3 of the Dungeon.
             The game lasted 00:03:49 (3385 turns).

PaiMei the Grave Robber (Demonspawn Necromancer)    Turns: 3385, Time: 00:03:49

Health: -1/33      AC:  3    Str:  8    XL:     4   Next: 74%
Magic:  0/8        EV: 14    Int: 24    God:
Gold:   168        SH:  0    Dex: 13    Spells: 4/8 levels left

rFire   . . .        c - +0 dagger
rCold   . . .        (no shield)
rNeg    . . .        a - +0 robe
rPois   .            (no helmet)
rElec   .            l - +0 cloak
rCorr   .            (no gloves)
SInv    .            (no boots)
Will    .....        (no amulet)
Stlth   +            p - +6 ring of intelligence
HPRegen 0.25/turn    (no ring)
MPRegen 0.11/turn

%: no passive effects
@: on fire, glowing
A: claws 1, repulsion field 1
a: no special abilities


You were on level 3 of the Dungeon.
You visited 1 branch of the dungeon, and saw 3 of its levels.

You collected 168 gold pieces.

Inventory:

Hand Weapons
 c - a +0 dagger (weapon)
Missiles
 m - 6 atropa-tipped darts (quivered)
Armour
 a - a +0 robe (worn)
 e - a +0 buckler
 l - a +0 cloak (worn)
Jewellery
 k - a ring of fire
 p - a +6 ring of intelligence (left claw)
Scrolls
 d - a scroll of vulnerability {unknown}
 h - 3 scrolls of identify {unknown}
 i - 2 scrolls of teleportation {unknown}
 j - a scroll of fog {unknown}
 q - a scroll of enchant armour {unknown}
 s - a scroll of immolation {unknown}
Potions
 b - a potion of magic
 f - 2 potions of might {unknown}
 g - a potion of ambrosia {unknown}
 n - a potion of cancellation {unknown}
 o - a potion of mutation {unknown}
 r - a potion of attraction {unknown}


   Skills:
 + Level 1.7 Fighting
 + Level 2.6 Dodging
 - Level 2.0 Stealth
 + Level 2.9 Spellcasting
 + Level 5.1 Necromancy


You had 4 spell levels left.
You knew the following spells:

 Your Spells              Type           Power      Damage    Failure   Level
a - Necrotise             Necr           100%       1d9       1%          1
b - Vampiric Draining     Necr           28%        2d8       4%          3

Your spell library contained the following spells:

 Spells                   Type           Power      Damage    Failure   Level
 Magic Dart               Conj           12%        1d3       11%         1
 Animate Dead             Necr           28%        N/A       13%         4
 Mercury Vapours          Alch/Air       6%         N/A       17%         2
 Searing Ray              Conj           6%         2d4       17%         2
 Mephitic Cloud           Conj/Alch/Air  3%         N/A       32%         3
 Fulminant Prism          Conj/Alch      1%         3d5       73%         4
 Curse of Agony           Necr           28%        N/A       36%         5
 Freezing Cloud           Conj/Ice/Air   1%         6-21      97%         5


Dungeon Overview and Level Annotations

Branches:
Dungeon (3/15)

Altars:
Fedhas

Shops:
D:1 [

Annotations:
D:3 exclusion: oklob plant


Innate Abilities, Weirdness & Mutations

You have sharp fingernails.
You are surrounded by a mild repulsion field. (EV +2)


Message History

Aiming: Necrotise (safe; 1% risk of failure)
Press: ? - help, Shift-Dir - straight line, f/p - bombardier beetle
Aim: a bombardier beetle (almost dead, ally target, chance to affect: 83%)
The bombardier beetle barely resists.
The liquid fire burns you!
Your rat skeleton barely misses the bombardier beetle.
Your hobgoblin skeleton barely misses the bombardier beetle.
You completely miss the bombardier beetle.
The bombardier beetle is almost dead.
The liquid fire burns you!
The bombardier beetle sprays incendiary fluid at you.
The burning spray hits you.
You are even more covered in liquid fire!
Your rat skeleton bites the bombardier beetle but does no damage.
A stone appears from out of your range of vision.
The stone hits your rat skeleton.
Your rat skeleton is destroyed!
Casting: Necrotise (safe; 1% risk of failure)
Confirm with . or Enter, or press ? or * to list all spells.
You don't have enough magic to cast this spell.
You hit the bombardier beetle but do no damage.
The bombardier beetle is almost dead.
The liquid fire burns you!
* * * LOW HITPOINT WARNING * * *
Your hobgoblin skeleton barely misses the bombardier beetle.
You hit the bombardier beetle but do no damage.
The bombardier beetle is almost dead.
The liquid fire burns you!
* * * LOW HITPOINT WARNING * * *
The bombardier beetle sprays incendiary fluid at you.
The burning spray hits you.
You are even more covered in liquid fire!
Your hobgoblin skeleton barely misses the bombardier beetle.
Casting: Necrotise (safe; 1% risk of failure)
Confirm with . or Enter, or press ? or * to list all spells.
You don't have enough magic to cast this spell.
You hit the bombardier beetle.
The bombardier beetle is almost dead.
The liquid fire burns you!
You die...

......# ......##########
.....[.........###
........>........#
.................##
..................#
.............>....#
.............<....#
................@.#
.>..............BZ##
...................#
...###...........#.#
.####............#.#
..###............#g#
#.##.............#.##
#.............!..#..#
##...#....................


You could see a bombardier beetle (ally target), a gnoll and a friendly
hobgoblin skeleton.

Vanquished Creatures
  An orc priest (D:2)
  2 gnolls (D:3)
  2 dart slugs (D:1)
  2 orcs (D:2)
  2 ball pythons
  8 bats
  3 endoplasms
  4 goblins
  5 hobgoblins
  10 jackals
  2 quokkas
  2 frilled lizards (D:2)
  5 kobolds
  3 rats
51 creatures vanquished.

Vanquished Creatures (collateral kills)
  A dart slug (D:2)
  An orc (D:2)
2 creatures vanquished.

Grand Total: 53 creatures vanquished

Notes
Turn   | Place    | Note
-------+----------+-------------------------------------------
     0 | D:1      | PaiMei the Demonspawn Necromancer began the quest for the
                  | Orb.
     0 | D:1      | Reached XP level 1. HP: 13/13 MP: 3/3
    57 | D:1      | Found Rethruz's Armour Emporium.
   656 | D:1      | Gained mutation: You are surrounded by a mild repulsion
                  | field. (EV +2) [demonic ancestry]
   656 | D:1      | Reached XP level 2. HP: 19/19 MP: 1/5
  1450 | D:2      | Reached XP level 3. HP: 18/25 MP: 0/6
  1454 | D:2      | Learned a level 3 spell: Vampiric Draining
  1909 | D:2      | Reached skill level 1 in Fighting
  2326 | D:2      | Gained mutation: You have sharp fingernails. [demonic
                  | ancestry]
  2326 | D:2      | Reached XP level 4. HP: 9/32 MP: 0/8
  2634 | D:2      | Reached skill level 5 in Necromancy
  3168 | D:3      | Found a blossoming altar of Fedhas.
  3182 | D:3      | Noticed an oklob plant
  3385 | D:3      | Incinerated by a bombardier beetle

Illustrated notes

Levels and vault maps discovered:
D:1:      saegor_arrival_simple_d, layout_loops_ring, serial_shops, shop
D:2:      layout_basic, grunt_ministairs_14, minmay_pentomino_u4
D:3:      lemuel_castle_with_subvaults [lemuel_castle_interior_carwin_1],
          layout_rooms, tgw_fedhas

Skill      XL: |  1  2  3  4 |
---------------+-------------+-----
Dodging        | 2 |  2.6
Stealth        | 2 |  2.0
Fighting       | 1 |  1.7
Necromancy     | 5 |  5.1
Spellcasting   | |  2.9

Action                     |  1- 3 |  4- 6 || total
---------------------------+-------+-------++-------
  Melee: Dagger            |    14 |     5 ||    19
   Cast: Necrotise         |    71 |    36 ||   107
         Vampiric Draining |       |     1 ||     1
 Armour: Robe              |    26 |     3 ||    29
  Dodge: Dodged            |    35 |    21 ||    56
